 Dungeon Crawl Stone Soup version 0.19.1-1-g22dce08 (webtiles) character file.

32725 dvd the Gouger (level 13, -7/74 HPs)
             Began as a Felid Transmuter on Jan 13, 2017.
             Was a High Priest of Qazlal.
             Mangled by a death yak (20 damage)
             ... on level 6 of the Lair of Beasts on Jan 14, 2017.
             The game lasted 03:15:27 (37912 turns).

dvd the Gouger (Felid Transmuter)                  Turns: 37912, Time: 03:15:28

Health: -7/74      AC: 12    Str:  7    XL:     13   Next: 32%
Magic:  23/29      EV: 15    Int: 20    God:    Qazlal [*****.]
Gold:   1539       SH:  7    Dex: 17    Spells: 8 memorised, 6 levels left
                                        Lives:  0   Deaths: 3

rFire  x . .     SeeInvis +       - Unarmed
rCold  + + +     Gourm    .     (armour unavailable)
rNeg   . . .     Faith    .     (shield unavailable)
rPois  +         Spirit   .     (helmet unavailable)
rElec  .         Reflect  .     (cloak unavailable)
rCorr  .         Harm     .     (gloves unavailable)
MR     +....                    (boots unavailable)
Stlth  ++........               (no amulet)
                                u - +2 ring of protection
                                H - +2 ring of intelligence

@: ice-form, protected from physical damage, repel missiles
A: no armour, no weapons or thrown items, stealth, (claws 0), (fangs 0), see
invisible, carnivore 3, (speed 0), mutation resistance 1, (shaggy fur 0), slow
metabolism 1, subdued magic 1, (sharp paws)
a: End Transformation, Upheaval, Elemental Force, Disaster Area, Renounce
Religion


You were on level 6 of the Lair of Beasts.
You worshipped Qazlal.
Qazlal was extremely pleased with you.
You were completely stuffed.
You were a creature of crystalline ice.
You visited 4 branches of the dungeon, and saw 22 of its levels.

You collected 1575 gold pieces.
You spent 36 gold pieces at shops.

Inventory:

Jewellery
 l - an uncursed ring of resist corrosion
 u - a +2 ring of protection (right front paw)
 y - an uncursed ring of positive energy
 H - a +2 ring of intelligence (left front paw)
 K - an uncursed amulet of guardian spirit
Wands
 d - a wand of random effects (16/48)
 j - a wand of lightning (4/15)
 k - a wand of iceblast (5/15)
 B - a wand of confusion (24/48)
 F - a wand of heal wounds (3/9)
Scrolls
 f - 2 scrolls of amnesia
 i - 18 scrolls of identify
 o - a scroll of blinking
 s - 3 scrolls of immolation
 w - 2 scrolls of fog
 A - 5 scrolls of remove curse
 J - a scroll of teleportation
Potions
 e - 2 potions of resistance
 g - a potion of berserk rage
 r - a potion of haste
 t - 3 potions of brilliance
 z - 2 potions of curing
 D - a potion of might
 G - 3 potions of flight
 L - a potion of heal wounds
Books
 a - the Reference Book on Venomous Evil Magic
   (You found it on level 5 of the Lair of Beasts)

   Spells                             Type                      Level
   a - Sting                          Conjuration/Poison           1
   b - Pain                           Necromancy                   1
   c - Mephitic Cloud                 Conjuration/Poison/Air       3
   d - Bolt of Draining               Conjuration/Necromancy       5
   e - Venom Bolt                     Conjuration/Poison           5
   f - Alistair's Intoxication        Transmutation/Poison         5
 b - a book of Changes

   Spells                             Type                      Level
   a - Beastly Appendage              Transmutation                1
   b - Sticks to Snakes               Transmutation                2
   c - Spider Form                    Transmutation/Poison         3
   d - Ice Form                       Ice/Transmutation            4
   e - Blade Hands                    Transmutation                5
 m - a book of Minor Magic

   Spells                             Type                      Level
   a - Magic Dart                     Conjuration                  1
   b - Blink                          Translocation                2
   c - Call Imp                       Summoning                    2
   d - Repel Missiles                 Charms/Air                   2
   e - Slow                           Hexes                        2
   f - Conjure Flame                  Conjuration/Fire             3
   g - Mephitic Cloud                 Conjuration/Poison/Air       3
 n - a book of Misfortune

   Spells                             Type                      Level
   a - Confusing Touch                Hexes                        1
   b - Confuse                        Hexes                        3
   c - Gell's Gravitas                Hexes/Translocation          3
   d - Petrify                        Transmutation/Earth          4
   e - Metabolic Englaciation         Hexes/Ice                    5
   f - Yara's Violent Unravelling     Hexes/Transmutation          5
 q - a book of Geomancy

   Spells                             Type                      Level
   a - Sandblast                      Earth                        1
   b - Passwall                       Transmutation/Earth          2
   c - Stone Arrow                    Conjuration/Earth            3
   d - Petrify                        Transmutation/Earth          4
   e - Lee's Rapid Deconstruction     Earth                        5
 v - a book of Frost

   Spells                             Type                      Level
   a - Freeze                         Ice                          1
   b - Throw Frost                    Conjuration/Ice              2
   c - Ozocubu's Armour               Charms/Ice                   3
   d - Throw Icicle                   Conjuration/Ice              4
   e - Summon Ice Beast               Ice/Summoning                4
 C - a book of Conjurations

   Spells                             Type                      Level
   a - Magic Dart                     Conjuration                  1
   b - Searing Ray                    Conjuration                  2
   c - Dazzling Spray                 Conjuration/Hexes            3
   d - Fulminant Prism                Conjuration/Hexes            4
   e - Iskenderun's Mystic Blast      Conjuration                  4
   f - Iskenderun's Battlesphere      Conjuration/Charms           5
 I - a book of Cantrips

   Spells                             Type                      Level
   a - Confusing Touch                Hexes                        1
   b - Animate Skeleton               Necromancy                   1
   c - Summon Small Mammal            Summoning                    1
   d - Apportation                    Translocation                1
Comestibles
 c - 10 meat rations
 h - 3 beef jerkies
 p - 14 chunks of flesh
 x - 12 slices of pizza
 E - 11 royal jellies


   Skills:
 + Level 10.3 Fighting
 + Level 8.0 Dodging
 + Level 8.7 Stealth
 * Level 12.0 Unarmed Combat
 + Level 11.8 Spellcasting
 + Level 10.6 Hexes
 + Level 2.0 Charms
 + Level 4.8 Translocations
 + Level 10.5 Transmutations
 + Level 2.7 Ice Magic
 + Level 1.5 Earth Magic
 + Level 2.7 Poison Magic
 * Level 8.2 Invocations
 + Level 1.3 Evocations


You had 6 spell levels left.
You knew the following spells:

 Your Spells              Type           Power        Failure   Level  Hunger
a - Blink                 Tloc           N/A          1%          2    None
b - Yara's Violent Unrav  Hex/Tmut       #####.....   1%          5    ####...
c - Spider Form           Tmut/Pois      ####......   1%          3    None
d - Confuse               Hex            #####...     1%          3    None
e - Blade Hands           Tmut           #####.....   1%          5    ####...
f - Petrify               Tmut/Erth      ####....     4%          4    #......
g - Ice Form              Ice/Tmut       ####....     3%          4    #......
h - Ozocubu's Armour      Chrm/Ice       ###.....     8%          3    None


Dungeon Overview and Level Annotations

Branches:
Dungeon (13/15)            Temple (1/1) D:4            Lair (6/6) D:8
  Swamp (0/4) Lair:2        Snake (0/4) Lair:4        Slime (0/5) Lair:5
    Orc (2/2) D:12
    Elf: Orc:2       Vaults: D:13-14

Altars:
Ashenzari
Cheibriados
Dithmenos
Elyvilon
Fedhas
Gozag
Hepliaklqana
Kikubaaqudgha
Makhleb
Nemelex Xobeh
Okawaru
Qazlal
Ru
Sif Muna
Trog
Uskayaw
Vehumet
Xom
Yredelemnul
Zin
The Shining One
Beogh
Jiyva

Shops:
D:5 ?

Annotations:
D:6 exclusion: statue
D:9 nikopol's ghost, journeyman GrBe
D:13 Nessos


Innate Abilities, Weirdness & Mutations

You cannot wear armour.
You are incapable of wielding weapons or throwing items.
Your paws allow you to move quietly. (Stealth)
((You have sharp claws.))
((You have razor-sharp teeth.))
You have supernaturally acute eyesight. (SInv)
You are carnivorous and can eat meat at any time.
((You cover ground quickly.))
((Your thick and shaggy fur keeps you warm. (AC +3, rC+)))
You have a slow metabolism.
((Your sharp claws are effective at attacking unaware monsters.))
You are somewhat resistant to further mutation.
Your spells are a little easier to cast, but a little less powerful.


Message History

The plant is engulfed in roaring flames.
The plant is engulfed in roaring flames.
The death yak is engulfed in roaring flames.
The komodo dragon is no longer moving slowly.
The plant is engulfed in roaring flames.
The plant is engulfed in roaring flames.
The death yak is engulfed in roaring flames.
You hit the death yak but do no damage.
The death yak is heavily wounded.
The plant is engulfed in roaring flames.
You destroy the plant!
The death yak gores you!!
* * * LOW HITPOINT WARNING * * *
You feel protected from physical attacks.
You hear a trumpeting!
The death yak is engulfed in roaring flames.
Evoke which item? (* to show all) (? for menu, Esc to quit)
You have no means to grasp a wand firmly enough.
The death yak gores you!!
You die...

#...# .P. ##. #...## ..# #..
#.÷..# #.# ###. #..÷.## ##.#
## #... ##....# #..##
##.####.. ##...## ##.÷.##
#.#...... ##...###
###.§...###........
###...####...§...##.........
##...l..YY......##..÷†....
##..§..Y........##....#..
####.§§§§....P.÷.....##.
####.......P.....#...
##...P.P..........
##...P...........
##..÷............
#................
##.#........<....


You could see 2 death yaks and a komodo dragon.

Vanquished Creatures
  Gastronok (D:8)
  Kirke (Lair:4)
  Erica (D:8)
  4 hydras
  7 death yaks
  Urug (Lair:3)
  6 hell knights (D:10)
  An unseen horror (D:13)
  4 hill giants
  3 necromancers (D:10)
  Pikel (D:6)
  An oklob plant (Lair:1)
  An orc knight (Orc:2)
  An ugly thing (D:12)
  25 elephants
  A manticore (D:12)
  2 cyclopes
  A centaur zombie (D:12)
  Maurice (D:9)
  3 black mambas
  Joseph (D:8)
  15 spiny frogs
  A rime drake (Lair:2)
  10 komodo dragons
  4 trolls
  A tyrant leech (Lair:2)
  A polar bear (Lair:4)
  3 hornets
  A queen bee (Lair:3)
  A two-headed ogre (Orc:1)
  2 dream sheep (D:8)
  9 blink frogs
  8 hippogriffs
  The ghost of Paps the Cudgeler, an amateur TrBe of Trog (D:4)
  A vampire (D:8)
  40 yaks
  3 wyverns
  A wraith (D:12)
  A basilisk (D:12)
  4 hogs
  2 hungry ghosts
  4 vampire mosquitoes (D:12)
  3 wargs (Orc:1)
  6 nagas (Lair:4)
  A soldier ant (D:13)
  11 water moccasins
  Duvessa (D:7)
  12 orc warriors
  7 hell hounds (D:10)
  2 slaves (D:6)
  12 porcupines
  6 ice beasts
  3 black bears
  2 sky beasts
  3 phantoms
  8 ogres
  An eye of draining (D:7)
  17 crocodiles
  11 wolves
  12 centaurs
  5 big kobolds
  19 bullfrogs
  A water moccasin zombie (D:7)
  3 scorpions
  Dowan (D:7)
  A troll zombie (D:12)
  28 killer bees
  6 howler monkeys
  An electric eel (Lair:6)
  9 crimson imps
  3 bullfrog zombies
  9 hounds
  2 jellies
  3 quasits
  10 orc priests
  A bullfrog skeleton (D:5)
  15 orc wizards
  6 centaur skeletons
  4 iguanas
  11 worker ants
  7 ogre zombies (D:12)
  4 hound zombies
  2 worker ant zombies
  13 adders
  7 gnolls
  A howler monkey skeleton (D:11)
  3 shadow imps
  4 oozes
  An adder skeleton (D:6)
  An adder zombie (D:8)
  7 worms
  2 dart slugs
  6 leopard geckos
  79 orcs
  5 bats
  9 giant cockroaches
  10 goblins
  10 hobgoblins
  11 jackals
  5 quokkas
  4 ball pythons
  6 frilled lizards
  2 goblin skeletons (D:12)
  5 goblin zombies (D:12)
  3 hobgoblin skeletons (D:12)
  2 hobgoblin zombies (D:12)
  2 jackal skeletons
  9 kobolds
  3 orc skeletons (D:12)
  10 orc zombies (D:12)
  4 rats
  35 fungi
  21 plants
729 creatures vanquished.

Vanquished Creatures (collateral kills)
  An ogre (D:5)
  A killer bee (Lair:3)
  An ooze (D:1)
  3 leopard geckos
  2 orcs (D:4)
  A goblin (D:2)
  A hobgoblin (D:2)
  A jackal (D:4)
11 creatures vanquished.

Vanquished Creatures (others)
  2 slaves (D:6)
  A bullfrog skeleton (D:6)
  An adder (D:6)
  9 fungi
  7 plants
20 creatures vanquished.

Grand Total: 760 creatures vanquished

Notes
Turn   | Place    | Note
-------+----------+-------------------------------------------
     0 | D:1      | dvd the Felid Transmuter began the quest for the Orb.
     0 | D:1      | Reached XP level 1. HP: 9/9 MP: 4/4
   384 | D:1      | Reached XP level 2. HP: 7/12 MP: 4/6
   538 | D:1      | Learned a level 2 spell: Sticks to Snakes
  1267 | D:2      | Reached XP level 3. HP: 15/15 MP: 4/7
  1550 | D:2      | Learned a level 3 spell: Spider Form
  2031 | D:2      | Reached XP level 4. HP: 19/19 MP: 2/9
  2209 | D:2      | Reached skill level 1 in Stealth
  2402 | D:2      | Found an iron altar of Okawaru.
  2858 | D:3      | Reached skill level 4 in Unarmed Combat
  3161 | D:3      | Reached XP level 5. HP: 21/22 MP: 2/10
  3200 | D:3      | Found a basalt altar of Yredelemnul.
  3213 | D:3      | Found a stormy altar of Qazlal.
  3216 | D:3      | Noticed a water elemental
  3216 | D:3      | Noticed an air elemental
  3216 | D:3      | Noticed a fire elemental
  3222 | D:3      | Became a worshipper of Qazlal Stormbringer
  4198 | D:4      | Learned a level 2 spell: Blink
  4382 | D:4      | Gained mutation: You are covered in thick fur. (AC +2) [Felid growth]
  4382 | D:4      | Reached XP level 6. HP: 19/25 MP: 0/11
  4439 | D:4      | Noticed Paps's ghost (amateur TrBe)
  4671 | D:5      | Entered Level 5 of the Dungeon
  4939 | D:5      | Reached skill level 1 in Poison Magic
  5169 | D:5      | Reached skill level 5 in Unarmed Combat
  5357 | D:5      | Reached XP level 7. HP: 22/28 MP: 6/13
  6248 | D:4      | Reached * piety under Qazlal
  6375 | D:5      | Found a shadowy altar of Dithmenos.
  6381 | D:5      | Found Inketop's Magic Scroll Emporium.
  6583 | D:5      | Bought a scroll of remove curse for 36 gold pieces
  7282 | D:5      | Learned a level 3 spell: Confuse
  7379 | D:5      | Reached skill level 1 in Hexes
  7379 | D:5      | Reached XP level 8. HP: 34/34 MP: 6/15
  7870 | D:6      | Reached skill level 5 in Transmutations
  7875 | D:6      | Reached ** piety under Qazlal
  7965 | D:6      | Found a sparkling altar of Nemelex Xobeh.
  7993 | D:6      | Reached skill level 1 in Translocations
  8226 | D:6      | Noticed Pikel
  8240 | D:6      | Killed Pikel
  8240 | D:6      | Reached skill level 5 in Dodging
  8240 | D:6      | Reached skill level 6 in Unarmed Combat
  8689 | D:6      | Reached XP level 9. HP: 33/39 MP: 17/17
  8802 | D:6      | Found a radiant altar of Vehumet.
  9185 | D:7      | Noticed Duvessa
  9185 | D:7      | Noticed Dowan
  9292 | D:7      | Reached skill level 5 in Spellcasting
  9631 | D:7      | Reached skill level 7 in Unarmed Combat
  9810 | D:7      | Learned a level 5 spell: Blade Hands
  9903 | D:7      | Reached skill level 5 in Fighting
 10460 | D:7      | Killed Dowan
 10750 | D:7      | Killed Duvessa
 10989 | D:6      | Reached XP level 10. HP: 44/44 MP: 5/19
 11187 | D:4      | Found a staircase to the Ecumenical Temple.
 11192 | Temple   | Entered the Ecumenical Temple
 11682 | D:8      | Reached *** piety under Qazlal
 11968 | D:8      | Noticed Joseph
 12101 | D:8      | Noticed Erica
 12107 | D:8      | Killed Joseph
 12116 | D:8      | Killed Erica
 12116 | D:8      | Reached skill level 8 in Unarmed Combat
 12492 | D:8      | Noticed Gastronok
 12752 | D:8      | Found an opulent altar of Gozag.
 12801 | D:8      | Killed Gastronok
 13168 | D:8      | Noticed a three-headed hydra
 13188 | D:8      | Killed a three-headed hydra
 13188 | D:8      | Reached skill level 9 in Unarmed Combat
 13188 | D:8      | Reached XP level 11. HP: 31/49 MP: 22/22
 13335 | D:8      | Found a staircase to the Lair.
 13340 | Lair:1   | Entered Level 1 of the Lair of Beasts
 13409 | Lair:1   | Noticed an oklob plant
 13525 | Lair:1   | Learned a level 4 spell: Petrify
 13544 | Lair:1   | Learned a level 4 spell: Ice Form
 13895 | Lair:1   | Found a burning altar of Makhleb.
 13963 | Lair:1   | Noticed a five-headed hydra
 13969 | Lair:1   | Killed a five-headed hydra
 13969 | Lair:1   | Reached skill level 5 in Hexes
 14341 | Lair:1   | Killed an oklob plant
 14487 | Lair:1   | Reached skill level 1 in Invocations
 14963 | Lair:2   | Reached skill level 5 in Stealth
 15117 | Lair:2   | Found a staircase to the Swamp.
 16670 | Lair:3   | Reached **** piety under Qazlal
 17344 | Lair:3   | HP: 1/51 [killer bee (15)]
 17347 | Lair:3   | Slain by a killer bee
 17348 | Lair:3   | Reached XP level 10. HP: 0/48 MP: 5/23
 17506 | Lair:3   | Reached XP level 11. HP: 51/51 MP: 17/24
 17723 | Lair:4   | Noticed Kirke
 17941 | Lair:4   | Noticed Urug
 18218 | Lair:4   | Reached skill level 1 in Ice Magic
 18308 | Lair:4   | Killed Kirke
 18660 | Lair:3   | Reached skill level 1 in Earth Magic
 19999 | Lair:4   | Reached skill level 5 in Invocations
 20201 | Lair:4   | Reached skill level 10 in Unarmed Combat
 20201 | Lair:4   | Gained mutation: Your thick and shaggy fur keeps you warm. (AC +3, rC+) [Felid growth]
 20201 | Lair:4   | Reached XP level 12. HP: 45/56 MP: 19/26
 20256 | Lair:4   | Found a staircase to the Snake Pit.
 20668 | Lair:3   | Killed Urug
 20758 | Lair:4   | Noticed a four-headed hydra
 20774 | Lair:4   | Killed a four-headed hydra
 21123 | Lair:4   | Reached skill level 1 in Evocations
 22362 | D:9      | Noticed nikopol's ghost (journeyman GrBe)
 22521 | D:4      | Killed Paps's ghost
 23133 | D:9      | Learned a level 3 spell: Ozocubu's Armour
 24079 | D:9      | Noticed Maurice
 24103 | D:9      | Killed Maurice
 24500 | D:9      | Found a hazy altar of Hepliaklqana.
 24735 | D:9      | Reached skill level 10 in Spellcasting
 25309 | D:10     | Entered Level 10 of the Dungeon
 25565 | D:10     | Found a radiant altar of Vehumet.
 25590 | D:10     | Reached skill level 10 in Transmutations
 25671 | D:10     | Reached ***** piety under Qazlal
 25697 | D:10     | Found a roughly hewn altar of Beogh.
 26963 | D:10     | Reached XP level 13. HP: 61/61 MP: 21/28
 28227 | D:11     | Gained mutation: Your spells are a little easier to cast, but a little less powerful. [potion of mutation]
 28227 | D:11     | Gained mutation: You are somewhat resistant to further mutation. [potion of mutation]
 28630 | D:12     | Reached skill level 10 in Fighting
 29308 | D:12     | Reached ****** piety under Qazlal
 29651 | D:12     | Found a staircase to the Orcish Mines.
 30150 | D:13     | Noticed Nessos
 30317 | Orc:1    | Entered Level 1 of the Orcish Mines
 30343 | Orc:1    | Reached skill level 1 in Charms
 30760 | Orc:1    | Found a roughly hewn altar of Beogh.
 30801 | Orc:1    | Found a roughly hewn altar of Beogh.
 30916 | Orc:2    | Entered Level 2 of the Orcish Mines
 31241 | Orc:1    | Learned a level 5 spell: Yara's Violent Unravelling
 31551 | Orc:2    | Slain by an orc knight
 31552 | Orc:2    | Reached XP level 12. HP: -1/58 MP: 28/28
 31983 | Lair:5   | Found a staircase to the Slime Pits.
 31991 | Lair:5   | Found a viscous altar of Jiyva.
 32228 | Lair:4   | Reached skill level 10 in Hexes
 32559 | Lair:5   | Noticed a death yak
 32560 | Lair:5   | Noticed a death yak
 32561 | Lair:5   | Noticed a death yak
 32562 | Lair:5   | Noticed a death yak
 32597 | Lair:4   | Reached XP level 13. HP: 59/61 MP: 12/29
 33102 | Lair:4   | Reached skill level 11 in Unarmed Combat
 33534 | Lair:4   | Slain by a death yak
 33535 | Lair:4   | Reached XP level 12. HP: -4/58 MP: 23/28
 33649 | Lair:4   | Killed a death yak
 33871 | Lair:4   | Killed a death yak
 34077 | Lair:5   | Killed a death yak
 34744 | Lair:5   | Identified the Reference Book on Venomous Evil Magic
 34916 | Lair:6   | Entered Level 6 of the Lair of Beasts
 35040 | Lair:6   | Noticed an eight-headed hydra
 36320 | Lair:5   | Noticed a death yak
 36546 | Lair:3   | Killed a death yak
 36636 | Lair:5   | Killed an eight-headed hydra
 36636 | Lair:5   | Reached XP level 13. HP: 62/62 MP: 25/29
 37660 | Lair:6   | Found a shattered altar of Ashenzari.
 37900 | Lair:6   | Reached skill level 12 in Unarmed Combat
 37912 | Lair:6   | Mangled by a death yak

Skill      XL: |  1  2  3  4  5  6  7  8  9 10 11 12 13 |
---------------+----------------------------------------+-----
Dodging        | 3 4 5 6 7 8 |  8.0
Stealth        | 1 2 3 4 6 7 8 |  8.7
Spellcasting   | 3 4 5 7 9 10 11 | 11.8
Unarmed Combat | 4 5 6 7 9 10 12 | 12.0
Transmutations | 3 4 5 7 8 9 10 | 10.5
Poison Magic   | 1 2 |  2.7
Fighting       | 3 4 5 6 8 9 10 | 10.3
Hexes          | 1 2 3 4 7 10 9 | 10.6
Translocations | 3 4 |  4.8
Invocations    | 5 6 8 |  8.2
Ice Magic      | 1 2 |  2.7
Earth Magic    | 1 |  1.5
Evocations     | 1 |  1.3
Charms         | 2 1 |  2.0

Action                   |  1- 3 |  4- 6 |  7- 9 | 10-12 | 13-15 || total
-------------------------+-------+-------+-------+-------+-------++-------
Melee: Unarmed           |    93 |   182 |   353 |   963 |   510 ||  2101
       Headbutt          |    13 |     1 |       |       |       ||    14
       Bite              |     6 |     4 |    10 |    46 |    36 ||   102
       Punch             |       |       |     1 |    12 |     9 ||    22
 Cast: Beastly Appendage |    22 |     1 |       |       |       ||    23
       Sticks to Snakes  |     8 |     8 |    14 |     4 |       ||    34
       Spider Form       |     3 |    28 |    41 |    17 |     7 ||    96
       Blink             |       |     2 |     3 |    27 |    36 ||    68
       Confuse           |       |       |    20 |   205 |    91 ||   316
       Blade Hands       |       |       |     5 |    58 |    27 ||    90
       Ice Form          |       |       |       |    63 |    13 ||    76
       Petrify           |       |       |       |    50 |    11 ||    61
       Ozocubu's Armour  |       |       |       |    34 |    29 ||    63
Invok: Upheaval          |       |       |       |    10 |     3 ||    13
       Disaster Area     |       |       |       |     1 |       ||     1
 Abil: End Transformatio |       |       |     1 |    10 |     4 ||    15
Evoke: Wand              |       |       |     3 |    23 |    10 ||    36
  Use: Scroll            |       |     7 |     5 |    12 |     6 ||    30
       Potion            |       |     3 |     1 |    16 |     3 ||    23
 Stab: Sleeping          |     1 |     7 |       |       |       ||     8
       Distracted        |     1 |     1 |     1 |       |       ||     3
       Confused          |       |       |     5 |    46 |    38 ||    89
       Petrified         |       |       |       |    78 |    18 ||    96
       Petrifying        |       |       |       |     8 |     1 ||     9
  Eat: Chunk             |    11 |    11 |    19 |    79 |    25 ||   145
Armor: Skin              |     5 |     4 |    22 |   111 |    60 ||   202
Dodge: Dodged            |    64 |   139 |   292 |   600 |   264 ||  1359
       Deflected         |       |       |       |     4 |     5 ||     9
Block: Other             |       |       |    23 |   209 |   131 ||   363
